 Dungeon Crawl Stone Soup version 0.31-a0-180-g519b7de00c (webtiles) character file.

Game seed: 774737746205854378

151 iguanaiguana the Sneak (level 5, -1/45 HPs)
             Began as a Meteoran Delver on June 19, 2023.
             Was an Initiate of Cheibriados.
             Slain by an iguana (13 damage)
             ... on level 4 of the Dungeon.
             The game lasted 00:12:32 (1651 turns).

iguanaiguana the Sneak (Meteoran Delver)            Turns: 1651, Time: 00:12:33

Health: -1/45      AC:  4    Str: 22    XL:     5   Next: 91%
Magic:  8/8        EV: 12    Int: 14    God:    Cheibriados [......]
Gold:   136        SH:  0    Dex: 14    Spells: 2/6 levels left

rFire   + . .        s - +0 whip
rCold   . . .        (no shield)
rNeg    + . .        b - +0 leather armour
rPois   +            (no helmet)
rElec   .            l - +0 cloak
rCorr   .            (no gloves)
SInv    .            (no boots)
Will    .....        r - amulet of the Jolly Riding Mice {Acrobat rPois rN+ Str+8 Dex-3}
Stlth   +            q - ring of protection from fire
HPRegen 0.27/turn    (no ring)
MPRegen 0.11/turn

%: acrobat
@: glowing, very slow
A: sense surroundings 1, otherworldly, glowing, explore regen
a: Renounce Religion


You were on level 4 of the Dungeon.
You worshipped Cheibriados.
Cheibriados was noncommittal.
You visited 1 branch of the dungeon, and saw 6 of its levels.

You collected 136 gold pieces.

Inventory:

Hand Weapons
 a - a +0 falchion
 m - a +0 sling
 s - a +0 whip (weapon)
 t - a +0 flail
Missiles
 u - 2 boomerangs of dispersal
 w - a boomerang (quivered)
Armour
 b - a +0 leather armour (worn)
 l - a +0 cloak (worn)
 v - a +0 ring mail
 x - a +0 chain mail
Jewellery
 q - a ring of protection from fire (left hand)
 r - the amulet of the Jolly Riding Mice (around neck) {Acrobat rPois rN+ Str+8 Dex-3}
   (You found it on level 3 of the Dungeon)

   [amulet of the acrobat]

   It increases your evasion while moving and waiting.
   Str:       It affects your strength (+8).
   Dex:       It affects your dexterity (-3).
   rPois:     It protects you from poison.
   rN:        It protects you from negative energy.
Wands
 g - a wand of digging (3) {@v3}
 k - a wand of flame (9)
Scrolls
 c - a scroll of fog
 d - a scroll of revelation
 e - 3 scrolls of fear
 h - a scroll of teleportation {@r3}
 j - a scroll of amnesia
 p - a scroll of brand weapon {unknown}
Potions
 f - a potion of haste {@q4}
 i - a potion of brilliance


   Skills:
 - Level 3.6 Fighting
 - Level 2.4 Long Blades
 - Level 3.0 Maces & Flails
 - Level 2.4 Dodging
 - Level 3.7 Stealth
 + Level 1.4 Spellcasting
 + Level 3.3 Necromancy
 - Level 2.0 Evocations


You had 2 spell levels left.
You knew the following spells:

 Your Spells              Type           Power      Damage    Failure   Level
a - Animate Dead          Necr           10%        N/A       58%         4

Your spell library contained the following spells:

 Spells                   Type           Power      Damage    Failure   Level
 Borgnjor's Vile Clutch   Necr/Erth      2%         N/A       99%         5
 Fireball                 Conj/Fire      0%         3d3       100%        5
 Iskenderun's Battlesphe  Conj           1%         2d6       100%        5
 Conjure Ball Lightning   Conj/Air       0%         3x3d6     100%        6
 Death Channel            Necr           5%         N/A       100%        6
 Orb of Destruction       Conj           0%         9d5       100%        7


Dungeon Overview and Level Annotations

Branches:
Dungeon (6/15) Zot: 4355
 Temple: D:4-7

Altars:
Cheibriados
Elyvilon

Annotations:
D:3 Sigmund


Innate Abilities, Weirdness & Mutations

You passively map a small area around you.
You are easily found by Zot.
You glow in the dark.
You regain HP and MP as you explore.


Message History

Aim: an iguana (wandering, hasn't noticed you, 63% to hit)
Okay, then.
You throw a boomerang. The iguana hisses angrily.
The boomerang hits the iguana.
The iguana is moderately wounded.
You throw a boomerang. The boomerang hits the iguana.
The iguana is heavily wounded.
You throw a boomerang. The boomerang barely misses the iguana.
You throw a boomerang. The boomerang barely misses the iguana.
You barely miss the iguana.
The iguana is heavily wounded.
You hit the iguana.
The iguana is severely wounded.
You barely miss the iguana.
The iguana is severely wounded.
You hit the iguana. You punch the iguana, but do no damage.
The iguana is almost dead.
The iguana bites you! The quokka bites you.
You closely miss the iguana.
The iguana is almost dead.
The quokka bites you.
You completely miss the iguana.
The iguana is almost dead.
The iguana bites you!
* * * LOW HITPOINT WARNING * * *
The quokka bites you.
* * * LOW HITPOINT WARNING * * *
You hit the iguana but do no damage.
The iguana is almost dead.
You barely miss the iguana.
The iguana is almost dead.
The quokka bites you.
* * * LOW HITPOINT WARNING * * *
You closely miss the iguana.
The iguana is almost dead.
You hit the iguana but do no damage.
The iguana is severely wounded.
The iguana bites you!
You die...

..... #####...... *
#..>.?.....
#...........#
#............
#............###
#..$##...###....######
#..##
*######.rl....$.. #.#
.......@....... .#
**...........#### ,
.######...## * ##..#
#.# , *.# * *.# , .#


You could see an iguana and a quokka.

Vanquished Creatures
  A hound (D:3)
  2 gnolls (D:3)
  2 adders
  2 worms (D:2)
  8 orcs (D:3)
  5 ball pythons
  3 bats
  4 endoplasms
  3 giant cockroaches (D:1)
  8 goblins
  5 hobgoblins
  8 jackals
  3 quokkas
  2 frilled lizards (D:1)
  4 kobolds
  4 rats
64 creatures vanquished.

Notes
Turn   | Place    | Note
-------+----------+-------------------------------------------
     0 | D:5      | iguanaiguana the Meteoran Delver began the quest for the
                  | Orb.
     0 | D:5      | Reached XP level 1. HP: 19/19 MP: 2/2
     7 | D:4      | Noticed an iguana
    82 | D:4      | Noticed a hound
   107 | D:3      | Found a white marble altar of Elyvilon.
   242 | D:1      | Reached XP level 2. HP: 23/26 MP: 3/3
   263 | D:1      | Reached skill level 1 in Necromancy
   334 | D:1      | Reached XP level 3. HP: 29/31 MP: 4/4
   615 | D:1      | Reached XP level 4. HP: 26/39 MP: 5/5
   688 | D:2      | Reached skill level 1 in Evocations
   977 | D:3      | Identified the amulet of the Jolly Riding Mice {Acrobat
                  | rPois rN+ Str+8 Dex-3}
  1059 | D:3      | Reached skill level 1 in Spellcasting
  1069 | D:3      | Learned a level 4 spell: Animate Dead
  1121 | D:3      | Reached XP level 5. HP: 44/45 MP: 7/7
  1138 | D:3      | Reached skill level 1 in Maces & Flails
  1227 | D:3      | Found a snail-covered altar of Cheibriados.
  1235 | D:3      | Became a worshipper of Cheibriados the Contemplative
  1442 | D:3      | Noticed Sigmund
  1651 | D:4      | Slain by an iguana

Illustrated notes

Levels and vault maps discovered:
D:1:      spicycebolla_arrival_xxxplode, layout_basic, dk_noncrumbling_3
D:2:      layout_loops_ring
D:3:      layout_basic, nicolae_overflow_crystal_walls,
          nicolae_elyvilon_temple_path, patterned_corridor, uniq_sigmund,
          uniq_ijyb
D:4:      layout_layer_cave
D:5:      layout_cave_pools, minmay_misc_feat_columns, grunt_ministairs_9,
          corner_web_ring, dreamdust_wishing_well, corexii_corridor_pit,
          uniq_duvessa, uniq_menkaure, uniq_pikel, uniq_grinder
D:6:      layout_basic, kennysheep_vampire_church, trog_book, serial_shops,
          nicolae_shop_overgrown_old_shop, uniq_crazy_yiuf_cottage

Skill      XL: |  1  2  3  4  5 |
---------------+----------------+-----
Necromancy     | 1 3 |  3.3
Evocations     | 2 |  2.0
Spellcasting   | 1 |  1.4
Maces & Flails | 3 |  3.0
Fighting       | |  3.6
Long Blades    | |  2.4
Dodging        | |  2.4
Stealth        | |  3.7

Action                     |  1- 3 |  4- 6 || total
---------------------------+-------+-------++-------
  Melee: Falchion          |   108 |    68 ||   176
         Punch             |     2 |     4 ||     6
         Whip              |       |    87 ||    87
   Fire: Sling             |       |     2 ||     2
  Throw: Boomerang         |       |     4 ||     4
  Evoke: Wand              |       |     6 ||     6
    Use: Scroll            |       |     4 ||     4
   Stab: Sleeping          |     1 |     1 ||     2
 Armour: Leather armour    |    42 |    35 ||    77
  Dodge: Dodged            |    75 |    91 ||   166

Table legend: (Time is in decaauts)
 A = Elapsed time spent in this place.
 B = Non-inter-level travel time spent in this place.
 C = Inter-level travel time spent in this place.
 D = Time resting spent in this place.
 E = Time spent auto-exploring this place.
 F = Levels seen in this place.
 G = Mean time per level.
                   A        B        C        D        E       F      G
               +--------+--------+--------+--------+--------+-----+--------+
         Total |   1759 |   1584 |    175 |    179 |     42 |   6 |  293.2 |
       Dungeon |   1759 |   1584 |    175 |    179 |     42 |   6 |  293.2 |
               +--------+--------+--------+--------+--------+-----+--------+

Top non-repeatable levels by time:
     D:3: 811 daAuts
     D:1: 450 daAuts
     D:2: 361 daAuts
     D:4: 122 daAuts
     D:5: 12 daAuts
     D:6: 1 daAuts
